 Dungeon Crawl Stone Soup version 0.29-a0-993-g4a18f31a58 (webtiles) character file.

Game seed: 4660568913411797793

12450 concernfroge the Spear-Bearer (level 11, -6/90 HPs)
             Began as a Mummy Monk on Aug 2, 2022.
             Was a High Priest of Cheibriados.
             Mangled by a hell rat (10 damage)
             ... on level 1 of the Lair of Beasts on Aug 3, 2022.
             The game lasted 00:52:49 (13598 turns).

concernfroge the Spear-Bearer (Mummy Monk)         Turns: 13598, Time: 00:52:49

Health: -6/90      AC: 18    Str: 29    XL:     11   Next: 62%
Magic:  1/13       EV: 11    Int: 20    God:    Cheibriados [*****.]
Gold:   507        SH:  9    Dex: 27    Spells: 10/10 levels left

rFire   x . .      SeeInvis +   b - +4 trident (flame)
rCold   + . .      Faith    .   v - +0 kite shield
rNeg    + + +      Spirit   .   w - +4 ring mail
rPois   ∞          Reflect  .   j - +1 helmet
rElec   .          Harm     .   z - +2 cloak
rCorr   .          Rampage  .   c - +2 pair of gloves
Will    ++...                   g - +0 pair of boots
Stlth   ++........              (no amulet)
HPRegen 0.25/turn               h - ring of willpower
MPRegen 0.13/turn               l - ring of see invisible

@: very slow
A: cold resistance 1, negative energy resistance 3, torment resistance 2, heat
vulnerability 1, in touch with death 1, no potions
a: Renounce Religion, Bend Time, Temporal Distortion, Slouch, Step From Time


You were on level 1 of the Lair of Beasts.
You worshipped Cheibriados.
Cheibriados was extremely pleased with you.
You visited 3 branches of the dungeon, and saw 13 of its levels.
You also visited: Sewer and Bailey.

You collected 651 gold pieces.
You spent 144 gold pieces at shops.

Inventory:

Hand Weapons
 a - a +1 glaive of protection
 b - a +4 trident of flaming (weapon)
Missiles
 s - 22 poisoned darts (quivered)
Armour
 c - a +2 pair of gloves (worn)
 g - a +0 pair of boots (worn)
 j - a +1 helmet (worn)
 v - a +0 kite shield (worn)
 w - a +4 ring mail (worn)
 z - a +2 cloak (worn)
Jewellery
 h - a ring of willpower (left hand)
 l - a ring of see invisible (right hand)
 m - a ring of protection from cold
 r - a ring of flight
Wands
 k - a wand of quicksilver (5)
Scrolls
 d - 6 scrolls of identify
 e - 2 scrolls of noise
 u - 2 scrolls of amnesia


   Skills:
 - Level 10.0 Fighting
 + Level 13.5 Polearms
 - Level 2.4 Dodging
 - Level 1.5 Stealth
 + Level 2.7 Invocations


You had 10 spell levels left.
You didn't know any spells.
Your spell library contained the following spells:

 Spells                   Type           Power      Damage    Failure   Level
 Magic Dart               Conj           0%         1d3       71%         1
 Slow                     Hex            0%         N/A       71%         1
 Sting                    Tmut/Pois      0%         1d3       71%         1
 Poisonous Vapours        Pois/Air       0%         N/A       83%         2
 Searing Ray              Conj           0%         2d4       83%         2
 Static Discharge         Conj/Air       0%         3-3/arc   83%         2
 Confusing Touch          Hex            0%         N/A       97%         3
 Ozocubu's Armour         Ice            0%         N/A       97%         3
 Vampiric Draining        Necr           0%         2d6       97%         3
 Corpse Rot               Necr/Pois/Air  0%         N/A       100%        4
 Fulminant Prism          Conj/Hex       0%         3d6       100%        4
 Olgreb's Toxic Radiance  Pois           0%         N/A       100%        4
 Lightning Bolt           Conj/Air       0%         1d11      100%        5
 Metabolic Englaciation   Hex/Ice        0%         N/A       100%        5
 Simulacrum               Ice/Necr       0%         N/A       100%        6
 Maxwell's Capacitive Co  Air            0%         ∞         100%        8


Dungeon Overview and Level Annotations

Branches:
Dungeon (11/15)            Temple (1/1) D:6            Lair (1/5) D:10
    Orc (0/2) D:10          Sewer (visited)          Bailey (visited)

Altars:
Ashenzari
Cheibriados
Dithmenos
Fedhas
Gozag
Hepliaklqana
Kikubaaqudgha
Makhleb
Nemelex Xobeh
Okawaru
Qazlal
Ru
Sif Muna
Trog
Uskayaw
Vehumet
Wu Jian
Xom
Yredelemnul

Shops:
D:4 *   D:6 [

Annotations:
D:5 2 transporters, 1 runed translucent door, Wiilli's ghost, novice DrEE
Lair:1 exclusion: 2 oklob plants


Innate Abilities, Weirdness & Mutations

You are immune to poison.
Your flesh is cold resistant. (rC+)
You are immune to negative energy. (rN+++)
You are immune to unholy pain and torment.
You are vulnerable to heat. (rF-)
You are in touch with the powers of death.
You do not drink.


Message History

The hell rat completely misses something.
The hell rat closely misses your butterfly.
The komodo dragon barely misses something.
The polar bear bites you but does no damage.
The polar bear claws you but does no damage. x2
The hell rat closely misses something.
The hell rat moves out of view.
The hell rat misses you.
The komodo dragon bites something!
The polar bear completely misses your butterfly.
The polar bear claws your butterfly.
Your butterfly dies!
Your butterfly disappears in a burst of colours!
The hell rat bites you!
* * * LOW HITPOINT WARNING * * *
The hell rat bites you but does no damage.
The boulder beetle leaps!
The hell rat bites you but does no damage.
The hell rat attacks as you move away! The hell rat barely misses you.
The hell rat bites you but does no damage.
Okay, then.
You warp the flow of time around you!
You warp the flow of time around you!
Cheibriados lowers the support of your attributes as your movement quickens.
You warp the flow of time around you!
Okay, then.
Okay, then.
Okay, then.
Aiming: Quicksilver Bolt
Press: ? - help, Shift-Dir - straight line, f - boulder beetle
Aim: a boulder beetle (wandering, hasn't noticed you, 100% to hit)
The bolt of dispelling energy misses the komodo dragon.
The bolt of dispelling energy hits the boulder beetle!
The boulder beetle is lightly wounded.
The hell rat roars deafeningly!
The hell rat bites you but does no damage.
The komodo dragon bites you!!
* * * LOW HITPOINT WARNING * * *
You block the hell rat's attack. The komodo dragon bites you.
* * * LOW HITPOINT WARNING * * *
The hell rat bites you!
You die...

... P.. #.# ..#
#.## #.. #r## ..
#.@#
...#######l######
.....bb.rrBrr.....
##..b...##.......
#....r....#.......
........r.#.......
..........#..r....
#.##.##..r#.......
. ...
#b............


You could see a boulder beetle, a komodo dragon and 4 hell rats.

Vanquished Creatures
  2 two-headed ogres
  4 cane toads (Lair:1)
  Maggie (D:7)
  An unseen horror (D:11)
  2 komodo dragons (Lair:1)
  2 kobold demonologists (D:10)
  3 trolls
  Prince Ribbit (D:7)
  9 yaks
  2 shadows
  3 humans (Bailey)
  A basilisk (Lair:1)
  3 wargs (D:9)
  2 water moccasins
  A sky beast (D:7)
  3 orc warriors
  2 black bears
  2 wolves
  2 centaurs (D:9)
  5 kobold brigands
  Blork the orc (D:4)
  11 bullfrogs
  A necrophage (D:7)
  A gnoll sergeant (D:5)
  3 scorpions
  16 wights
  15 killer bees
  7 electric eels
  3 jellies
  A centaur zombie (D:7)
  3 orc priests
  8 hounds
  A gnoll bouda (D:5)
  2 iguanas (D:6)
  2 orc wizards
  A killer bee zombie (D:7)
  11 gnolls
  10 adders
  A river rat (D:5)
  An ufetubus (D:4)
  4 worms
  3 dart slugs
  21 orcs
  19 ball pythons
  3 bats
  11 endoplasms
  11 giant cockroaches
  2 hobgoblins (D:1)
  4 jackals (D:3)
  14 quokkas
  11 frilled lizards
  8 goblins
  13 kobolds
  7 rats
281 creatures vanquished.

Vanquished Creatures (collateral kills)
  A gnoll (D:5)
1 creature vanquished.

Vanquished Creatures (others)
  9 fungi (Lair:1)
  16 plants
  4 withered plants (D:7)
29 creatures vanquished.

Grand Total: 311 creatures vanquished

Notes
Turn   | Place    | Note
-------+----------+-------------------------------------------
     0 | D:1      | concernfroge the Mummy Monk began the quest for the Orb.
     0 | D:1      | Reached XP level 1. HP: 18/18 MP: 1/1
   240 | D:1      | Reached XP level 2. HP: 20/24 MP: 2/2
  1374 | D:2      | Gained mutation: You are in touch with the powers of death.
                  | [Mummy growth]
  1374 | D:2      | Reached XP level 3. HP: 29/30 MP: 3/3
  2816 | D:3      | Reached skill level 5 in Fighting
  2816 | D:3      | Reached XP level 4. HP: 39/39 MP: 4/4
  3159 | D:4      | Reached XP level 5. HP: 15/46 MP: 5/5
  3776 | D:4      | Found Qailuf's Assorted Antiques.
  3808 | D:4      | Bought an iron wand for 96 gold pieces
  3808 | D:4      | Bought a scroll labelled VIT AVIEWK for 24 gold pieces
  3808 | D:4      | Bought a scroll labelled VIT AVIEWK for 24 gold pieces
  3969 | D:4      | Found an opulent altar of Gozag.
  4020 | D:4      | Found an ornate altar of the Wu Jian Council.
  4045 | D:4      | Noticed Blork the orc
  4053 | D:4      | Killed Blork the orc
  4054 | D:4      | Reached XP level 6. HP: 53/55 MP: 6/6
  4217 | D:5      | Entered Level 5 of the Dungeon
  4373 | D:5      | Found an iron altar of Okawaru.
  4434 | D:5      | Found a glowing drain.
  4438 | Sewer    | Entered a sewer
  4924 | Sewer    | Reached XP level 7. HP: 38/62 MP: 7/7
  4948 | Sewer    | Identified the +3 dagger of Makhleb's Envy {drain, rF+}
  5240 | D:5      | Found a transporter.
  5359 | D:5      | Found a shimmering blue altar of Sif Muna.
  5368 | D:5      | Found a blossoming altar of Fedhas.
  5377 | D:5      | Found a runed translucent door.
  5378 | D:5      | Noticed Wiilli's ghost (novice DrEE)
  5703 | D:5      | Found a transporter.
  6166 | D:5      | Reached XP level 8. HP: 18/72 MP: 8/8
  6259 | D:5      | Reached skill level 10 in Fighting
  6274 | D:5      | Reached skill level 3 in Polearms
  6451 | D:5      | Found a hazy altar of Hepliaklqana.
  6904 | D:6      | Found a staircase to the Ecumenical Temple.
  6912 | Temple   | Entered the Ecumenical Temple
  7012 | Temple   | Became a worshipper of Cheibriados the Contemplative
  7012 | Temple   | Reached * piety under Cheibriados
  7012 | Temple   | Reached ** piety under Cheibriados
  7061 | D:6      | Reached skill level 4 in Polearms
  7246 | D:6      | Found Masisyli's Armour Boutique.
  7255 | D:6      | Reached skill level 5 in Polearms
  7264 | D:6      | Reached skill level 6 in Polearms
  7870 | D:7      | Noticed Maggie
  7879 | D:7      | Killed Maggie
  7880 | D:7      | Reached XP level 9. HP: 65/78 MP: 9/9
  7944 | D:7      | Reached skill level 7 in Polearms
  8095 | D:7      | Reached *** piety under Cheibriados
  8146 | D:7      | Reached skill level 8 in Polearms
  8570 | D:7      | Noticed Prince Ribbit
  8582 | D:7      | Killed Prince Ribbit
  8583 | D:7      | Reached skill level 9 in Polearms
  9048 | D:7      | Reached XP level 10. HP: 81/85 MP: 10/10
 10292 | D:9      | Reached **** piety under Cheibriados
 10293 | D:9      | Reached skill level 10 in Polearms
 10380 | D:9      | Found a flagged portal.
 10438 | Bailey   | Entered a bailey
 10470 | Bailey   | Noticed a vault guard
 10902 | D:9      | Noticed a two-headed ogre
 10911 | D:9      | Killed a two-headed ogre
 10912 | D:9      | Reached skill level 11 in Polearms
 10922 | D:9      | You fall into a shaft and drop 2 floors!
 10958 | D:11     | Noticed a two-headed ogre
 10975 | D:11     | Noticed a catoblepas
 10987 | D:11     | Noticed a four-headed hydra
 10987 | D:11     | Noticed an eight-headed hydra
 11009 | D:11     | Noticed a two-headed ogre
 11016 | D:10     | Entered Level 10 of the Dungeon
 11142 | D:10     | Reached skill level 12 in Polearms
 11145 | D:10     | Killed a two-headed ogre
 11146 | D:10     | Reached XP level 11. HP: 16/90 MP: 11/11
 11290 | D:10     | Reached ***** piety under Cheibriados
 11633 | D:9      | Found a radiant altar of Vehumet.
 11633 | D:9      | Found an ancient bone altar of Kikubaaqudgha.
 11634 | D:9      | Found a sacrificial altar of Ru.
 12082 | D:10     | Found a staircase to the Orcish Mines.
 12191 | D:10     | Found a staircase to the Lair.
 12316 | D:10     | Reached skill level 13 in Polearms
 12429 | D:10     | Noticed a two-headed ogre
 12444 | D:10     | Noticed a two-headed ogre
 12661 | Lair:1   | Entered Level 1 of the Lair of Beasts
 12684 | Lair:1   | Found a blossoming altar of Fedhas.
 12687 | Lair:1   | Noticed an oklob plant
 12688 | Lair:1   | Noticed an oklob plant
 13146 | Lair:1   | Reached skill level 1 in Invocations
 13259 | Lair:1   | Noticed a boulder beetle
 13598 | Lair:1   | HP: 4/90 [komodo dragon (6)]
 13598 | Lair:1   | Mangled by a hell rat

Illustrated notes

Levels and vault maps discovered:
D:1:      minmay_arrival_plants_in_alcoves, layout_loops_ring,
          minmay_octomino_c4
D:2:      layout_loops_ring
D:3:      layout_loops_ring
D:4:      layout_basic, grunt_temple_overflow_gold_and_silver,
          mainiacjoe_overflow_surrounded_room, mainiacjoe_overflow_alcove_1,
          serial_shops, shop, uniq_blork_the_orc
D:5:      gammafunk_wand_slinger, layout_loops_ring, lemuel_doored_altar,
          mainiacjoe_overflow_alcove_2, mainiacjoe_overflow_catwalk_spiral,
          gup_sewer_entry_spiral, gammafunk_ghost_grave
D:6:      layout_loops_corners, minmay_temple_entry_junction, serial_shops,
          shop_statue
D:7:      layout_rooms, serial_undead, serial_undead_e, serial_undead_c,
          serial_undead_b, serial_undead_b, corner_web_ring, uniq_maggie,
          uniq_prince_ribbit1
D:8:      layout_basic, serial_bayou, serial_bayou_shore_b, serial_bayou_ford_a,
          serial_bayou_shore_a, serial_bayou_pond_c, minmay_misc_feat_diagonals,
          lightli_minifort
D:9:      layout_cave_pools, gammafunk_temple_overflow_claw, enter_bailey_3,
          grunt_decor_mini_mirrors, supply_closet_lemuel
D:10:     layout_irregular_city, erik_lair_island, minmay_orc_entry_guard_dogs,
          uniq_lodul
D:11:     layout_cave_pools, nzn_random_ring
Temple:   jpeg_temple_clearing
Lair:1:   layout_chaotic_city, hangedman_tree_tricks

Skill      XL: |  1  2  3  4  5  6  7  8  9 10 11 |
---------------+----------------------------------+-----
Fighting       | 4 5 7 8 9 10 | 10.0
Polearms       | 6 9 12 13 | 13.5
Invocations    | 2 |  2.7
Dodging        | |  2.4
Stealth        | |  1.5

Action                   |  1- 3 |  4- 6 |  7- 9 | 10-12 || total
-------------------------+-------+-------+-------+-------++-------
Melee: Spear             |   172 |       |       |       ||   172
       Trident           |    10 |    76 |       |    62 ||   148
       Glaive            |       |   196 |   256 |   218 ||   670
Throw: Dart              |     5 |     7 |    38 |     7 ||    57
       Boomerang         |       |       |     3 |       ||     3
       Throwing net      |       |       |     1 |       ||     1
Invok: Temporal Distorti |       |       |       |     4 ||     4
       Bend Time         |       |       |       |     1 ||     1
Evoke: Wand              |       |     2 |     8 |    29 ||    39
  Use: Scroll            |     5 |     5 |     7 |    20 ||    37
 Stab: Sleeping          |     9 |       |       |     2 ||    11
       Paralysed         |       |     3 |       |       ||     3
       Distracted        |       |       |     1 |       ||     1
Armor: Robe              |     5 |       |       |       ||     5
       Leather armour    |    35 |       |       |       ||    35
       Ring mail         |       |    12 |    36 |   151 ||   199
       Chain mail        |       |   246 |   168 |       ||   414
Dodge: Dodged            |    77 |   152 |   166 |   189 ||   584
Block: Kite shield       |       |       |       |    22 ||    22

Table legend: (Time is in decaauts)
 A = Elapsed time spent in this place.
 B = Non-inter-level travel time spent in this place.
 C = Inter-level travel time spent in this place.
 D = Time resting spent in this place.
 E = Time spent auto-exploring this place.
 F = Levels seen in this place.
 G = Mean time per level.
                   A        B        C        D        E       F      G
               +--------+--------+--------+--------+--------+-----+--------+
         Total |  16078 |  14765 |   1313 |    924 |  10986 |  15 | 1071.9 |
       Dungeon |  13918 |  12812 |   1106 |    555 |  10114 |  11 | 1265.3 |
        Temple |    115 |     81 |     34 |      0 |     68 |   1 |  115.0 |
          Lair |   1129 |    956 |    173 |    369 |    389 |   1 | 1129.0 |
         Sewer |    855 |    855 |      0 |      0 |    405 |   1 |  855.0 |
        Bailey |     60 |     60 |      0 |      0 |      8 |   1 |   60.0 |
               +--------+--------+--------+--------+--------+-----+--------+

Top non-repeatable levels by time:
     D:8: 2252 daAuts
     D:5: 1813 daAuts
     D:9: 1652 daAuts
     D:6: 1433 daAuts
    D:10: 1331 daAuts
     D:3: 1310 daAuts
  Lair:1: 1129 daAuts
     D:7: 1078 daAuts
     D:1: 1073 daAuts
     D:2: 965 daAuts
     D:4: 879 daAuts
   Sewer: 855 daAuts
    D:11: 129 daAuts
  Temple: 115 daAuts
  Bailey: 60 daAuts
